 Dungeon Crawl Stone Soup version 0.30-a0-760-g5a9884bb7c (webtiles) character file.

Game seed: 13274076583577877133

460 boo the Slasher (level 6, 0/56 HPs)
             Began as a Minotaur Fighter on Feb 11, 2023.
             Was a Believer of Okawaru.
             Slain by a gnoll
             ... wielding a +0 halberd
             ... led by a gnoll sergeant
              (6 damage)
             ... on level 4 of the Dungeon.
             The game lasted 00:04:59 (3269 turns).

boo the Slasher (Minotaur Fighter)                  Turns: 3269, Time: 00:04:59

Health: 0/56       AC:  8    Str: 28    XL:     6   Next: 78%
Magic:  5/5        EV:  9    Int:  5    God:    Okawaru [**....]
Gold:   188        SH:  5    Dex: 10    Spells: 5/5 levels left

rFire   + . .      SeeInvis .    a - +0 long sword
rCold   . . .      Faith    .    c - +0 buckler
rNeg    . . .      Spirit   .    r - +0 scale mail
rPois   .          Reflect  .    (helmet restricted)
rElec   .          Harm     .    g - +0 cloak
rCorr   .          Rampage  .    (no gloves)
Will    .....                    (no boots) Stlth
                                 p - amulet of magic regeneration
HPRegen 0.29/turn                l - +6 ring of strength
MPRegen 0.49/turn                k - ring of protection from fire

@: flying
A: horns 2, retaliatory headbutt
a: Renounce Religion, Heroism


You were on level 4 of the Dungeon.
You worshipped Okawaru.
Okawaru was pleased with you.
You visited 1 branch of the dungeon, and saw 4 of its levels.

You collected 188 gold pieces.

Inventory:

Hand Weapons
 a - a +0 long sword (weapon)
 b - the +3 short sword "Eviscerator" {flame, Str+4}
   (You found it on level 2 of the Dungeon)

   Str:       It affects your strength (+4).
Armour
 c - a +0 buckler (worn)
 g - a +0 cloak (worn)
 i - a +0 pair of gloves
 r - a +0 scale mail (worn)
Jewellery
 k - a ring of protection from fire (right hand)
 l - a +6 ring of strength (left hand)
 p - an amulet of magic regeneration (around neck)
 q - a ring of poison resistance
Wands
 w - a wand of paralysis (7)
Scrolls
 f - a scroll of magic mapping
 m - 4 scrolls of identify {unknown}
 s - a scroll of fear {unknown}
 t - a scroll of noise {unknown}
 u - a scroll of amnesia {unknown}
 x - a scroll of poison {unknown}
Potions
 d - 2 potions of might
 h - a potion of haste {unknown}
 j - a potion of mutation {unknown}
 n - a potion of ambrosia {unknown}
 o - 2 potions of curing {unknown}
 v - 2 potions of resistance {unknown}


   Skills:
 + Level 5.3 Fighting
 * Level 6.0 Long Blades
 + Level 5.3 Armour
 - Level 5.0 Shields


You had 5 spell levels left.
You didn't know any spells.
Your spell library contained the following spells:

 Spells                   Type           Power      Damage    Failure   Level
 Necrotise                Necr           0%         1d4       82%         1
 Vampiric Draining        Necr           0%         2d6       99%         3
 Agony                    Necr           0%         N/A       100%        5


Dungeon Overview and Level Annotations

Branches:
Dungeon (4/15)
 Temple: D:4-7

Altars:
Okawaru


Innate Abilities, Weirdness & Mutations

You have a pair of horns on your head.
You reflexively headbutt those who attack you in melee.


Message History

A gnoll sergeant is nearby!
A gnoll sergeant is nearby!
The gnoll sergeant shouts!
A gnoll comes into view. It is wielding a +0 whip.
The gnoll throws a throwing net.
The throwing net closely misses you.
A gnoll comes into view. It is wielding a +0 halberd.
You see here a throwing net.
Found an escape hatch in the floor.
The gnoll shouts!
The gnoll sergeant hits you from afar with a +0 spear.
The gnoll throws a throwing net.
The throwing net hits you.
You become entangled in the net!
You see here a throwing net.
You struggle against the net.
The gnoll sergeant hits you from afar with a +0 spear!
You tear a large gash into the net.
The gnoll hits you but does no damage.
The gnoll sergeant hits you from afar with a +0 spear.
The gnoll hits you but does no damage.
You struggle against the net.
The gnoll hits you with a +0 flail.
The gnoll hits you from afar with a +0 halberd.
The gnoll sergeant hits you from afar with a +0 spear!
You rip the net and break free!
The gnoll hits you with a +0 whip. The gnoll barely misses you.
The gnoll sergeant hits you but does no damage.
The gnoll hits you from afar with a +0 halberd.
* * * LOW HITPOINT WARNING * * *
As you read the scroll labelled UPTIEBR MURPHA, it crumbles to dust.
You feel aware of your surroundings.
It was a scroll of magic mapping.
The gnoll hits you with a +0 whip!
* * * LOW HITPOINT WARNING * * *
The gnoll sergeant hits you but does no damage.
The gnoll barely misses you. x2
Unknown command.
It was a potion of flight.
You feel very buoyant.
You fly up into the air.
The gnoll hits you but does no damage.
The gnoll sergeant hits you from afar with a +0 spear.
* * * LOW HITPOINT WARNING * * *
The gnoll hits you from afar with a +0 halberd.
You die...

#.............##.#.)....#.#...
#................#.#.)....#.##
##########.#..##........#...#*
#.##.##.#.##.#.#.#.#*
#.##.............#,..
####.##.###.##.#.#,*#
#(.......,,.....**
###.####.##*,##.#.**
#.g@#***,#**,**,*,**
#..g.......,,,,,,,,,
#..g.g.....,,,,,,,,*
#.......#.#*,*,*,,**
#.......#,**,*,**<,,
#.......#,**,*,***,,
#.....>..,**,*,* *,,
#.........,,,,,* *,,
*,,,,,,,,***,*****,,


You could see a gnoll sergeant and 3 gnolls.

Vanquished Creatures
  A kobold brigand (D:4)
  2 necrophages
  A hound (D:4)
  An iguana (D:4)
  4 gnolls (D:3)
  8 adders
  An ufetubus (D:4)
  2 worms
  3 dart slugs
  4 orcs
  10 ball pythons
  7 endoplasms
  2 giant cockroaches
  8 goblins
  5 hobgoblins
  6 quokkas
  6 bats
  7 frilled lizards
  6 kobolds
  10 rats
94 creatures vanquished.

Vanquished Creatures (others)
  A fungus (D:1)
  A plant (D:1)
2 creatures vanquished.

Grand Total: 96 creatures vanquished

Notes
Turn   | Place    | Note
-------+----------+-------------------------------------------
     0 | D:1      | boo the Minotaur Fighter began the quest for the Orb.
     0 | D:1      | Reached XP level 1. HP: 19/19 MP: 0/0
   144 | D:1      | Reached XP level 2. HP: 27/27 MP: 1/1
   357 | D:1      | Reached skill level 3 in Long Blades
   868 | D:1      | Reached XP level 3. HP: 33/33 MP: 2/2
   934 | D:1      | Found a faded altar of an unknown god.
   939 | D:1      | Prayed at the altar of an unknown god.
   939 | D:1      | Became a worshipper of Warmaster Okawaru
   939 | D:1      | Reached * piety under Okawaru
  1270 | D:2      | Identified the +3 short sword "Eviscerator" {flame, Str+4}
  1430 | D:2      | Reached XP level 4. HP: 28/40 MP: 3/3
  1795 | D:3      | Reached skill level 4 in Long Blades
  1894 | D:3      | Reached XP level 5. HP: 23/47 MP: 4/4
  2844 | D:3      | Reached skill level 5 in Long Blades
  2961 | D:4      | Reached ** piety under Okawaru
  2962 | D:4      | Reached skill level 5 in Armour
  2962 | D:4      | Reached skill level 5 in Shields
  2962 | D:4      | Reached XP level 6. HP: 38/55 MP: 5/5
  2970 | D:4      | Reached skill level 5 in Fighting
  3224 | D:4      | Reached skill level 6 in Long Blades
  3269 | D:4      | Slain by a gnoll

Illustrated notes

Levels and vault maps discovered:
D:1:      dpeg_arrival_tiny_a, layout_loops_corners,
          shapermc_ecumenical_altar_petra, kennysheep_minor_cross
D:2:      layout_basic
D:3:      kb_forest_paths, layout_basic, minmay_box_of_dots
D:4:      layout_basic, minmay_diced_spiral

Skill      XL: |  1  2  3  4  5  6 |
---------------+-------------------+-----
Long Blades    | 3 4 5 6 |  6.0
Fighting       | 4 5 |  5.3
Armour         | 4 5 |  5.3
Shields        | 4 5 |  5.0

Action                     |  1- 3 |  4- 6 || total
---------------------------+-------+-------++-------
  Melee: Long sword        |   100 |   150 ||   250
         Headbutt          |    13 |    23 ||    36
 Invoke: Heroism           |       |     1 ||     1
    Use: Scroll            |       |     1 ||     1
         Potion            |       |     1 ||     1
 Armour: Scale mail        |    32 |   100 ||   132
  Dodge: Dodged            |    45 |    98 ||   143
  Block: Buckler           |    19 |    42 ||    61

Table legend: (Time is in decaauts)
 A = Elapsed time spent in this place.
 B = Non-inter-level travel time spent in this place.
 C = Inter-level travel time spent in this place.
 D = Time resting spent in this place.
 E = Time spent auto-exploring this place.
 F = Levels seen in this place.
 G = Mean time per level.
                   A        B        C        D        E       F      G
               +--------+--------+--------+--------+--------+-----+--------+
         Total |   3320 |   3078 |    242 |    368 |   2097 |   4 |  830.0 |
       Dungeon |   3320 |   3078 |    242 |    368 |   2097 |   4 |  830.0 |
               +--------+--------+--------+--------+--------+-----+--------+

Top non-repeatable levels by time:
     D:3: 1133 daAuts
     D:1: 998 daAuts
     D:2: 789 daAuts
     D:4: 400 daAuts
